 Dungeon Crawl Stone Soup version 0.27-a0-3-gcf006a40f5 (webtiles) character file.

Game seed: 3807668384277791113

32 sahdkjhfkaj the Stinger (level 3, -4/28 HPs)
             Began as a Draconian Venom Mage on Jan 1, 2021.
             Slain by a worm (10 damage)
             ... on level 2 of the Dungeon.
             The game lasted 00:01:34 (1486 turns).

sahdkjhfkaj the Stinger (Draconian Venom Mage)      Turns: 1486, Time: 00:01:35

Health: -4/28      AC:  5    Str: 10    XL:     3   Next: 10%
Magic:  6/6        EV: 12    Int: 16    God:
Gold:   75         SH:  0    Dex: 11    Spells: 0/6 levels left

rFire    . . .     SeeInvis .   a - +0 short sword
rCold    . . .     Faith    .   (no shield)
rNeg     . . .     Spirit   .   (armour unavailable)
rPois    .         Reflect  .   (helmet restricted)
rElec    .         Harm     .   (no cloak)
rCorr    .         Rampage  .   (no gloves)
Will     .....                  (no boots)
Stlth    ++........             (no amulet)
HPRegen  0.09/turn              (no ring)
MPRegen  0.10/turn              (no ring)

@: no status effects
A: unfitting armour, cold-blooded, AC +5
a: no special abilities


You were on level 2 of the Dungeon.
You visited 1 branch of the dungeon, and saw 2 of its levels.

You collected 75 gold pieces.

Inventory:

Hand Weapons
 a - a +0 short sword (weapon)
Scrolls
 b - a scroll of enchant weapon {unknown}
 d - a scroll of noise {unknown}
 e - a scroll of teleportation {!r}
Potions
 c - a potion of cancellation


   Skills:
 - Level 1.0 Fighting
 - Level 2.0 Short Blades
 - Level 1.7 Dodging
 - Level 1.7 Stealth
 - Level 2.0 Spellcasting
 - Level 1.0 Transmutations
 + Level 1.3 Air Magic
 - Level 3.0 Poison Magic


You couldn't memorise any spells.
You knew the following spells:

 Your Spells              Type           Power        Failure   Level
a - Sting                 Tmut/Pois      32%          9%          1
d - Mephitic Cloud        Conj/Pois/Air  6%           34%         3
x - Poisonous Vapours     Pois/Air       16%          13%         2

Your spell library contained the following spells:

 Spells                   Type           Power        Failure   Level
 Ignite Poison            Fire/Tmut/Pois 5%           34%         3
 Olgreb's Toxic Radiance  Pois           11%          52%         4


Dungeon Overview and Level Annotations

Branches:
Dungeon (2/15)

Altars:


Innate Abilities, Weirdness & Mutations

Your plain brown scales are hard. (AC +5)
You cannot fit into any form of body armour.
You are cold-blooded and may be slowed by cold attacks.


Message History

Unknown command.
Unknown command.
Casting: Poisonous Vapours (safe; 13% risk of failure)
Confirm with . or Enter, or press ? or * to list all spells.
Aiming: Sting (safe; 9% risk of failure)
Press: ? - help, Shift-Dir - straight line, f/p - worm
Aim: a worm (lightly wounded, 11% to evade)
The sting hits the worm.
The worm is poisoned.
The worm is moderately wounded.
The worm bites you!
* * * LOW HITPOINT WARNING * * *
There is a stone staircase leading up here.
You climb upwards.
There is a stone staircase leading down here.
You start resting.
Your magical contamination has completely faded away.
You start resting.
Magic restored.
You climb downwards.
The worm bites you!
You die...

#. ####.#......#
... #...wh(..# #...
#.##†#.#.#
#....##.##h#.#.#.#
#.........#.....#
###.##.#........#
.####.##†#..#.#.#..
................#
##(....@##.######
#.####w#....
........#
..........#
###........#
.........#
...##.##.# ##.# ..


You could see a worm.

Vanquished Creatures
  A worm (D:2)
  A leopard gecko (D:1)
  A bat (D:1)
  2 giant cockroaches (D:1)
  2 goblins (D:1)
  4 hobgoblins (D:1)
  6 jackals
  4 kobolds (D:1)
  A frilled lizard (D:2)
  A rat (D:1)
23 creatures vanquished.

Notes
Turn   | Place    | Note
-------+----------+-------------------------------------------
     0 | D:1      | sahdkjhfkaj the Draconian Venom Mage began the quest for
                  | the Orb.
     0 | D:1      | Reached XP level 1. HP: 14/14 MP: 3/3
   139 | D:1      | Reached skill level 1 in Fighting
   153 | D:1      | Reached skill level 1 in Short Blades
   309 | D:1      | Reached XP level 2. HP: 22/23 MP: 1/5
   876 | D:1      | Learned a level 2 spell: Poisonous Vapours
  1116 | D:2      | Reached skill level 1 in Air Magic
  1345 | D:1      | Reached XP level 3. HP: 22/28 MP: 3/6
  1413 | D:1      | Learned a level 3 spell: Mephitic Cloud
  1430 | D:2      | HP: 1/28 [worm (11)]
  1486 | D:2      | Slain by a worm

Illustrated notes

Levels and vault maps discovered:
D:1:      eino_arrival_cavern_e, layout_basic, wad_floor_pattern_untrapped
D:2:      layout_loops_cross, nicolae_overflow_crystal_walls

Skill      XL: |  1  2 |
---------------+-------+-----
Fighting       | 1 |  1.0
Short Blades   | 1 2 |  2.0
Air Magic      | 1 |  1.3
Dodging        | |  1.7
Stealth        | |  1.7
Spellcasting   | |  2.0
Transmutations | |  1.0
Poison Magic   | |  3.0

Action                   || total
-------------------------++-------
Melee: Unarmed           ||    21
       Tailslap          ||     7
       Short sword       ||    45
 Cast: Sting             ||    25
       Poisonous Vapours ||     4
  Use: Scroll            ||     1
       Potion            ||     1
Armor: Skin              ||    31
Dodge: Dodged            ||    64

Table legend: (Time is in decaauts)
 A = Elapsed time spent in this place.
 B = Non-inter-level travel time spent in this place.
 C = Inter-level travel time spent in this place.
 D = Time resting spent in this place.
 E = Time spent auto-exploring this place.
 F = Levels seen in this place.
 G = Mean time per level.
                   A        B        C        D        E       F      G
               +--------+--------+--------+--------+--------+-----+--------+
         Total |   1488 |   1466 |     22 |    324 |    949 |   2 |  744.0 |
       Dungeon |   1488 |   1466 |     22 |    324 |    949 |   2 |  744.0 |
               +--------+--------+--------+--------+--------+-----+--------+

Top non-repeatable levels by time:
     D:1: 1426 daAuts
     D:2: 61 daAuts
